 Seeded DCSS version 0.29.1-15-g9cfb28693d (webtiles) character file.

Game seed: 229321984888755899 (custom seed)

3448 Mickster the Cleaver (level 10, 0/129 HPs)
             Began as a Hill Orc Berserker on May 2, 2023.
             Was a Believer of Trog.
             Succumbed to a killer bee's poison
             ... on level 9 of the Dungeon.
             The game lasted 00:51:31 (5271 turns).

Mickster the Cleaver (Hill Orc Berserker)           Turns: 5271, Time: 00:51:34

Health: 0/129      AC: 11    Str: 25    XL:     10   Next: 6%
Magic:  10/10      EV:  9    Int:  7    God:    Trog [**....]
Gold:   368        SH:  0    Dex: 11    Spells: 9/9 levels left

rFire   . . .      SeeInvis .   n - +11 dagger "Iticog" {vorpal, rN+ Dex+3}
rCold   . . .      Faith    .   (no shield)
rNeg    + . .      Spirit   .   H - +0 chain mail
rPois   .          Reflect  .   (no helmet)
rElec   .          Harm     .   k - +0 cloak
rCorr   .          Rampage  .   (no gloves)
Will    .....                   (no boots)
Stlth   ..........              (no amulet)
HPRegen 0.31/turn               h - +4 ring of protection
MPRegen 0.12/turn               B - +4 ring of slaying

@: berserking (expiring), lethally poisoned (0 -> -7), very quick
A: talons 1, clumsy 1, deformed body
a: Renounce Religion, Berserk, Trog's Hand


You were on level 9 of the Dungeon.
You worshipped Trog.
Trog was pleased with you.
You visited 1 branch of the dungeon, and saw 8 of its levels.

You collected 368 gold pieces.

Inventory:

Hand Weapons
 a - a +1 hand axe
 c - a +4 dagger
 j - a +3 dagger
 n - the +11 dagger "Iticog" (weapon) {vorpal, rN+ Dex+3}
   (You found it on level 7 of the Dungeon)

   It inflicts extra damage upon your enemies.
   Dex:       It affects your dexterity (+3).
   rN:        It protects you from negative energy.
 r - a +0 arbalest
 x - a +4 scimitar
 y - a +2 whip of freezing
 I - a +0 war axe
Missiles
 e - 6 datura-tipped darts
 f - 37 stones
 o - 3 boomerangs
 C - 6 poisoned darts (quivered)
Armour
 k - a +0 cloak (worn)
 p - +0 acid dragon scales
 z - a +2 robe
 H - a +0 chain mail (worn)
Jewellery
 b - a +4 ring of protection
 h - a +4 ring of protection (left hand)
 w - a ring of protection from cold
 B - a +4 ring of slaying (right hand)
Wands
 m - a wand of charming (5)
 q - a wand of mindburst (21)
 F - a wand of iceblast (12)
Scrolls
 d - 2 scrolls of butterflies
 g - 2 scrolls of vulnerability
 l - 3 scrolls of fear
 t - 4 scrolls of identify
 E - a scroll of amnesia {unknown}
Potions
 i - 4 potions of curing
 s - a potion of berserk rage
 u - a potion of lignification
 D - 2 potions of haste


   Skills:
 + Level 7.1 Fighting
 * Level 5.8 Short Blades
 - Level 10.2 Axes
 * Level 4.0 Throwing
 + Level 7.2 Armour
 + Level 3.8 Dodging
 + Level 0.6 Stealth


You had 9 spell levels left.
You didn't know any spells.
Your spell library was empty.

Dungeon Overview and Level Annotations

Branches:
Dungeon (7/15)             Temple (0/1) D:4

Altars:
Cheibriados
Uskayaw
Yredelemnul

Shops:
D:7 :


Innate Abilities, Weirdness & Mutations

You have sharp toenails.
You are clumsy. (Dex -2)
Armour fits poorly on your strangely shaped body.


Message History

You feel sick.
You feel sick. The killer bee barely misses you.
The killer bee stings you but does no damage.
The killer bee barely misses you.
The killer bee stings you but does no damage.
You see here a killer bee corpse.
You feel a strong urge to attack something.
You feel very sick. The killer bee completely misses you.
The killer bee stings you but does no damage.
The kobold demonologist begins to cast a cantrip, but forgets the words!
The soul eater draws from the surrounding life force!
* * * LOW HITPOINT WARNING * * *
Okay, then.
You are too berserk!
You hit the kobold demonologist. You claw the kobold demonologist!
The kobold demonologist is moderately wounded.
You feel sick. The killer bee barely misses you.
The killer bee stings you but does no damage.
You hit the kobold demonologist.
Your kick misses the kobold demonologist.
The kobold demonologist is heavily wounded.
You feel sick. The killer bee stings you.
* * * LOW HITPOINT WARNING * * *
The killer bee barely misses you.
The kobold demonologist closely misses you.
The ice devil barely misses you.
You miss the kobold demonologist. You claw the kobold demonologist!
The kobold demonologist is almost dead.
You feel sick. The killer bee stings you.
* * * LOW HITPOINT WARNING * * *
The killer bee stings you.
* * * LOW HITPOINT WARNING * * *
You puncture the kobold demonologist!
You kill the kobold demonologist!
Trog accepts your kill.
Trog appreciates your killing of a magic user.
The red devil disappears in a puff of smoke!
The ice devil disappears in a puff of smoke!
You die...

##....#
#.....#
#.....#
+.....#
#..#..#
#.....#
#....†#
#.#y†y#
+.#.@.#
#.#§)3#
#.#§..#
....#
.....#
#..##.#
... .#
#... .#


You could see a soul eater and 2 killer bees.

Vanquished Creatures
  Pikel (D:5)
  Maggie (D:9)
  A kobold demonologist (D:9)
  Grinder (D:5)
  A shadow (D:7)
  A wyvern (D:7)
  2 ice beasts
  A black bear (D:4)
  2 ogres
  A centaur (D:6)
  A lemure (D:5)
  2 phantoms
  A gnoll sergeant (D:7)
  2 necrophages
  4 bullfrogs
  2 scorpions (D:5)
  4 wights (D:7)
  3 killer bees (D:9)
  5 hounds
  A quasit (D:9)
  A jelly (D:5)
  An orc priest (D:3)
  2 gnoll boudas (D:6)
  Ijyb (D:3)
  2 iguanas
  An orc wizard (D:7)
  12 gnolls
  10 adders
  A worm (D:3)
  A dart slug (D:5)
  9 orcs
  4 ball pythons
  9 endoplasms
  3 giant cockroaches
  13 goblins
  6 hobgoblins
  9 jackals
  6 quokkas
  2 bats
  3 frilled lizards
  4 kobolds
  3 rats
140 creatures vanquished.

Vanquished Creatures (others)
  5 fungi (D:1)
  8 plants (D:1)
  5 toadstools (D:1)
18 creatures vanquished.

Grand Total: 158 creatures vanquished

Notes
Turn   | Place    | Note
-------+----------+-------------------------------------------
     0 | D:1      | Mickster the Hill Orc Berserker began the quest for the
                  | Orb.
     0 | D:1      | Reached XP level 1. HP: 19/19 MP: 1/1
   218 | D:1      | Reached XP level 2. HP: 13/27 MP: 2/2
   835 | D:2      | Reached XP level 3. HP: 33/33 MP: 3/3
   838 | D:2      | Reached skill level 1 in Short Blades
   846 | D:2      | Gained mutation: You are clumsy. (Dex -2) [potion of
                  | mutation]
   846 | D:2      | Gained mutation: Armour fits poorly on your strangely
                  | shaped body. [potion of mutation]
   846 | D:2      | Gained mutation: You have sharp toenails. [potion of
                  | mutation]
   863 | D:2      | Reached ** piety under Trog
  1400 | D:3      | Found a faded altar of an unknown god.
  1402 | D:3      | Reached XP level 4. HP: 41/41 MP: 4/4
  1407 | D:3      | Reached skill level 5 in Axes
  1501 | D:3      | Noticed Ijyb
  1513 | D:3      | Killed Ijyb
  1514 | D:3      | Reached XP level 5. HP: 47/47 MP: 5/5
  1859 | D:4      | Found a hide-covered altar of Uskayaw.
  1868 | D:4      | Reached skill level 6 in Axes
  1868 | D:4      | Reached XP level 6. HP: 54/55 MP: 6/6
  1881 | D:4      | Found a basalt altar of Yredelemnul.
  2022 | D:4      | Found a staircase to the Ecumenical Temple.
  2029 | D:4      | Noticed a black bear
  2044 | D:4      | Killed a black bear
  2045 | D:4      | Reached skill level 7 in Axes
  2211 | D:4      | Reached skill level 5 in Fighting
  2211 | D:4      | Reached XP level 7. HP: 61/61 MP: 7/7
  2373 | D:5      | Entered Level 5 of the Dungeon
  2373 | D:5      | Noticed Grinder
  2374 | D:5      | Found a snail-covered altar of Cheibriados.
  2381 | D:5      | Killed Grinder
  2382 | D:5      | Reached skill level 8 in Axes
  2402 | D:5      | Noticed Pikel
  2420 | D:5      | Reached skill level 1 in Throwing
  2440 | D:5      | Killed Pikel
  2441 | D:5      | Reached skill level 10 in Axes
  2441 | D:5      | Reached XP level 8. HP: 30/69 MP: 8/8
  3386 | D:5      | Reached skill level 5 in Armour
  3676 | D:6      | Reached XP level 9. HP: 26/75 MP: 9/9
  4845 | D:7      | Identified the +11 dagger "Iticog" {vorpal, rN+ Dex+3}
  4957 | D:7      | Reached skill level 5 in Short Blades
  4984 | D:7      | Found Loewep's Book Emporium.
  5132 | D:7      | You fall into a shaft and drop 2 floors!
  5189 | D:9      | Noticed Maggie
  5214 | D:9      | Killed Maggie
  5215 | D:9      | Reached XP level 10. HP: 42/86 MP: 10/10
  5257 | D:9      | Noticed a kobold demonologist
  5258 | D:9      | Noticed a sixfirhy
  5259 | D:9      | Noticed a soul eater
  5270 | D:9      | HP: 1/129 [killer bee (6)]
  5271 | D:9      | Killed a kobold demonologist
  5271 | D:9      | Succumbed to a killer bee's poison

Illustrated notes

Levels and vault maps discovered:
D:1:      lightli_arrival_flooded_house, layout_basic, serial_forest,
          infiniplex_forest_clump_tiny, infiniplex_forest_clump_small,
          infiniplex_forest_clump_curved, infiniplex_forest_lined_2,
          infiniplex_forest_side_room, infiniplex_forest_end_2,
          infiniplex_forest_end_3, minmay_gold_behind_fungi,
          minmay_misc_feat_four_crosses
D:2:      layout_loops_ring
D:3:      kennysheep_the_goblin_king, layout_rooms,
          ebering_ecumenical_altar_sacrificial
D:4:      layout_loops_ring, mainiacjoe_overflow_catwalk_spiral,
          minmay_temple_entry_large_hall
D:5:      layout_gridville, cheibriados_altar_1, nicolae_titane, uniq_ijyb,
          uniq_grinder, uniq_pikel
D:6:      layout_cave_pools
D:7:      layout_gridville, serial_shops, nicolae_diamond_shop
D:9:      layout_stronghold, serial_demonic, serial_demonic_e, serial_demonic_b,
          serial_demonic_c, serial_demonic_a, uniq_maggie

Skill      XL: |  1  2  3  4  5  6  7  8  9 |
---------------+----------------------------+-----
Fighting       | 4 5 6 7 |  7.1
Short Blades   | 1 2 5 |  5.8
Dodging        | 2 3 |  3.8
Axes           | 5 6 7 10 | 10.2
Armour         | 3 4 5 7 |  7.2
Throwing       | 2 4 |  4.0
Stealth        | |  0.6

Action                   |  1- 3 |  4- 6 |  7- 9 | 10-12 || total
-------------------------+-------+-------+-------+-------++-------
Melee: Hand axe          |    44 |    95 |    43 |       ||   182
       Punch             |     2 |     1 |     3 |       ||     6
       Dagger            |    73 |       |   194 |    11 ||   278
       Kick              |     3 |    13 |    70 |     2 ||    88
Throw: Dart              |     1 |       |     7 |       ||     8
Invok: Berserk           |     3 |     3 |     4 |     1 ||    11
       Trog's Hand       |     1 |     1 |     4 |       ||     6
Evoke: Wand              |       |     1 |       |       ||     1
  Use: Scroll            |     5 |     3 |     1 |       ||     9
       Potion            |     3 |     2 |     6 |       ||    11
Armor: Animal skin       |    33 |       |       |       ||    33
       Scale mail        |       |    54 |    84 |       ||   138
       Chain mail        |       |       |    22 |    12 ||    34
Dodge: Dodged            |    57 |    57 |   140 |    20 ||   274
